 Dungeon Crawl Stone Soup version 0.18.1-50-g88ac8fd (webtiles) character file.

4006 Chiseanne the Cleaver (level 10, -5/91 HPs)
             Began as a Minotaur Gladiator on Apr 23, 2017.
             Was an Initiate of Gozag.
             Slain by an unseen horror (11 damage)
             ... on level 11 of the Dungeon.
             The game lasted 00:19:03 (8523 turns).

Chiseanne the Cleaver (Minotaur Gladiator)          Turns: 8523, Time: 00:19:04

Health: -5/91      AC: 13    Str: 20    XL:     10   Next: 3%
Magic:  18/18      EV: 21    Int:  5    God:    Gozag
Gold:   723        SH:  0    Dex: 26    Spells: 0 memorised, 9 levels left

rFire  . . .     SeeInvis .     a - +2 war axe (chop)
rCold  + . .     Gourm    .     g - +2 leather armour of the Untouchables {+Fly rF+ MP+9}
rNeg   . . .     Faith    .     (no shield)
rPois  .         Spirit   .     c - +0 hat
rElec  .         Dismiss  .     p - +1 cloak
rCorr  .         Reflect  .     w - +0 pair of gloves
SustAt .         Harm     .     C - +2 pair of boots
MR     +....                    (no amulet)
Stlth  +++.......               M - ring "Woatul" {Ice *Contam Dex+7 Slay+2}
                                b - ring of protection from magic

@: agile, somewhat resistant to hostile enchantments, fairly stealthy
A: retaliatory headbutt, horns 2, sense surroundings 1
a: Potion Petition, Call Merchant, Bribe Branch, Renounce Religion, Evoke Flight


You were on level 11 of the Dungeon.
You worshipped Gozag.
Gozag was noncommittal.
You were not hungry.

You visited 2 branches of the dungeon, and saw 10 of its levels.
You also visited: Ossuary.

You collected 1876 gold pieces.
You spent 493 gold pieces at shops.
You paid 660 gold pieces to Gozag.

Inventory:

Hand Weapons
 a - a +2 war axe of chopping (weapon)
Missiles
 d - 3 throwing nets
 e - 316 stones (quivered)
 h - 105 bolts
 k - 6 needles of confusion
 m - 121 arrows
 o - 80 sling bullets
 t - 41 poisoned needles
 y - 3 tomahawks
Armour
 c - a +0 hat (worn)
 g - the +2 leather armour of the Untouchables (worn) {+Fly rF+ MP+9}
   (You bought it in a shop on level 8 of the Dungeon)

   It protects you from fire.
   It affects your magic capacity (+9).
   It lets you fly.
 p - a +1 cloak (worn)
 w - a +0 pair of gloves (worn)
 B - a +3 chain mail of cold resistance
 C - a +2 pair of boots (worn)
Jewellery
 b - a ring of protection from magic (left hand)
 M - the ring "Woatul" (right hand) {Ice *Contam Dex+7 Slay+2}
   (You found it on level 11 of the Dungeon)

   [ring of ice]

   It enhances your ice magic, and weakens your fire magic.
   It affects your dexterity (+7).
   It affects your accuracy and damage with ranged weapons and melee attacks
   (+2).
   It makes you vulnerable to fire.
   It protects you from cold.
   It causes magical contamination when unequipped.
Wands
 n - a wand of polymorph (2/24)
 u - a wand of slowing (32/48)
 J - a wand of lightning (13/15)
Scrolls
 i - 3 scrolls of teleportation
 l - 5 scrolls of remove curse
 A - a scroll of fear
 F - a scroll of amnesia
 H - a scroll of blinking
 I - a scroll of recharging
Potions
 j - 3 potions of curing
 r - 2 potions of cancellation
 s - a potion of haste {unknown}
 v - a potion of berserk rage {unknown}
 x - 6 potions of agility
 z - 3 potions of lignification
 E - a potion of brilliance
 G - a potion of might {unknown}
 K - a potion of resistance {unknown}
Books
 D - a book of Frost

   Spells                             Type                      Level
   a - Freeze                         Ice                          1
   b - Throw Frost                    Conjuration/Ice              2
   c - Ozocubu's Armour               Charms/Ice                   3
   d - Throw Icicle                   Conjuration/Ice              4
   e - Summon Ice Beast               Ice/Summoning                4
 L - a book of Beasts

   Spells                             Type                      Level
   a - Summon Butterflies             Summoning                    1
   b - Call Canine Familiar           Summoning                    3
   c - Summon Ice Beast               Ice/Summoning                4
   d - Summon Mana Viper              Hexes/Summoning              5
   e - Summon Hydra                   Summoning                    7
Comestibles
 f - 6 bread rations
 q - 2 meat rations


   Skills:
 * Level 9.0 Fighting
 * Level 9.3 Axes
 * Level 7.6 Throwing
 * Level 8.2 Armour
 - Level 4.2 Dodging


You had 9 spell levels left.
You didn't know any spells.

Dungeon Overview and Level Annotations

Branches:
Dungeon (8/15)             Temple (1/1) D:5
   Lair: D:8-11

Altars:
Cheibriados
Dithmenos
Elyvilon
Fedhas
Gozag
Nemelex Xobeh
Okawaru
Pakellas
Qazlal
Ru
Sif Muna
Trog
Vehumet
Yredelemnul
Zin
The Shining One

Shops:
D:7 (   D:8 [

Annotations:
D:4 Antunes's ghost, amateur MiFi
D:7 exclusion: door


Innate Abilities, Weirdness & Mutations

You reflexively headbutt those who attack you in melee.
You have a pair of horns on your head.
You passively map a small area around you.


Message History

* * * LOW HITPOINT WARNING * * *
Something barely misses you. Something barely misses you.
A wight comes into view. It is wielding a trident of freezing.
Something hits you!
* * * LOW HITPOINT WARNING * * *
The wight moves out of view.
Something hits you but does no damage.
You hit something but do no damage. Your headbutt misses something.
Something hits you but does no damage. Something hits you.
* * * LOW HITPOINT WARNING * * *
A centaur comes into view.
Drink which item? (? for menu, Esc to quit)
You feel agile all of a sudden.
The centaur shouts!
Something closely misses you.
The centaur wields a shortbow.
The centaur shoots an arrow.
The arrow completely misses you. Something hits you!
You die...
Your body crumbles into a pile of gold.

,, , , , ............. ,
........... , , .
#...$z.... ,
..#....?..c,,
#.........# * ,* *
*#........##...#* ....
#.....................
#@#...........#...
,#(#.._.....#.##... *
##.#..........#.... * ,
*#..#............... ,
#............#...>.
#................). *
##................#.
.####.................#.
$
........................


You could see a centaur and a wight.

Vanquished Creatures
  An unseen horror (D:11)
  A gargoyle (D:6)
  A wyvern (D:5)
  Eustachio (D:4)
  A water moccasin (D:8)
  An ice beast (D:5)
  2 phantoms
  An orc warrior (D:6)
  3 black bears
  2 centaurs
  4 ogres
  3 giant frogs
  A scorpion (D:8)
  3 howler monkeys (D:7)
  4 crimson imps
  2 giant frog zombies
  A centaur skeleton (D:6)
  A jelly (D:11)
  5 hounds
  4 orc priests
  An iguana (D:4)
  7 orc wizards
  5 worker ants
  A hound zombie (D:6)
  3 hound skeletons
  3 mummies (Ossuary)
  6 gnolls
  A howler monkey skeleton (D:6)
  14 adders
  2 adder zombies
  An adder skeleton (D:5)
  3 worms
  3 dart slugs
  6 giant geckos
  28 orcs
  4 giant cockroaches
  14 hobgoblins
  10 jackals
  6 quokkas
  3 ball pythons
  3 bats
  A giant gecko zombie (D:6)
  7 giant newts
  2 gnoll zombies (Ossuary)
  5 goblins
  3 goblin zombies (Ossuary)
  3 hobgoblin zombies (Ossuary)
  A jackal zombie (D:7)
  6 kobolds
  3 kobold zombies (Ossuary)
  An orc zombie (Ossuary)
  2 quokka skeletons (D:8)
  3 quokka zombies (Ossuary)
  5 rats
  2 rat zombies (Ossuary)
210 creatures vanquished.

Notes
Turn   | Place    | Note
--------------------------------------------------------------
     0 | D:1      | Chiseanne the Minotaur Gladiator began the quest for the Orb.
     0 | D:1      | Reached XP level 1. HP: 18/18 MP: 0/0
   255 | D:1      | Reached XP level 2. HP: 9/25 MP: 1/1
   623 | D:1      | You fall through a shaft!
   725 | D:2      | Reached XP level 3. HP: 26/30 MP: 2/2
  1353 | D:1      | Reached XP level 4. HP: 33/38 MP: 3/3
  2414 | D:3      | Reached XP level 5. HP: 40/46 MP: 4/4
  2561 | D:3      | Reached skill level 1 in Armour
  2745 | D:3      | Reached skill level 5 in Axes
  3116 | D:4      | Found a white marble altar of Elyvilon.
  3117 | D:4      | Found a glowing silver altar of Zin.
  3141 | D:4      | Noticed Antunes's ghost (amateur MiFi)
  3296 | D:4      | Noticed a phantom
  3311 | D:4      | Found a glowing golden altar of the Shining One.
  3328 | D:4      | Reached XP level 6. HP: 43/53 MP: 5/5
  3390 | D:4      | Noticed Eustachio
  3427 | D:4      | Killed Eustachio
  3632 | D:4      | Found a stormy altar of Qazlal.
  3816 | D:4      | Reached skill level 5 in Fighting
  3831 | D:4      | Found a blossoming altar of Fedhas.
  3834 | D:4      | Reached XP level 7. HP: 34/61 MP: 6/6
  3939 | D:5      | Entered Level 5 of the Dungeon
  4515 | D:5      | Gained mutation: You passively map a small area around you. [potion of beneficial mutation]
  4542 | D:5      | Noticed a wyvern
  4549 | D:5      | Killed a wyvern
  4785 | D:5      | Reached skill level 5 in Throwing
  4785 | D:5      | Reached XP level 8. HP: 70/70 MP: 7/7
  4792 | D:5      | Found a staircase to the Ecumenical Temple.
  4807 | Temple   | Entered the Ecumenical Temple
  4981 | Temple   | Became a worshipper of Gozag Ym Sagoz the Greedy
  5136 | D:6      | Reached skill level 5 in Armour
  5285 | D:6      | Found a sparkling altar of Nemelex Xobeh.
  5859 | D:6      | Reached XP level 9. HP: 67/79 MP: 8/8
  5947 | D:6      | Noticed a gargoyle
  5954 | D:6      | Killed a gargoyle
  6186 | D:7      | Found a deep blue altar of Sif Muna.
  6315 | D:7      | Found a sand-covered staircase.
  6320 | Ossuary  | Entered an ossuary
  7075 | D:7      | You fall through a shaft!
  7695 | D:7      | Bought a glowing battleaxe for 149 gold pieces
  7695 | D:7      | Bought a glowing war axe for 80 gold pieces
  7947 | D:8      | Identified a scroll of acquirement
  8007 | D:8      | Found Ikliat's Antique Armour Shoppe.
  8011 | D:8      | Bought an encrusted leather armour for 161 gold pieces
  8011 | D:8      | Bought a pair of runed boots for 103 gold pieces
  8027 | D:8      | Identified the +2 leather armour of the Untouchables {+Fly rF+ MP+9} (You bought it in a shop on level 8 of the Dungeon)
  8072 | D:8      | You fall through a shaft for 3 floors!
  8212 | D:11     | Found a white marble altar of Elyvilon.
  8214 | D:11     | Got a vibrating platinum ring
  8219 | D:11     | Identified the ring "Woatul" {Ice *Contam Dex+7 Slay+2} (You found it on level 11 of the Dungeon)
  8318 | D:11     | Killed an unseen horror
  8318 | D:11     | Reached XP level 10. HP: 20/91 MP: 9/9
  8523 | D:11     | Slain by an unseen horror

Skill      XL: |  1  2  3  4  5  6  7  8  9 |
---------------+----------------------------+-----
Axes           | 4 5 6 7 9 |  9.3
Dodging        | 4 |  4.2
Fighting       | 3 4 5 6 7 9 |  9.0
Throwing       | 3 4 5 6 7 |  7.6
Armour         | 1 3 4 6 8 |  8.2

Action                   |  1- 3 |  4- 6 |  7- 9 | 10-12 || total
-------------------------+-------+-------+-------+-------++-------
Melee: War axe           |    72 |   140 |   304 |    10 ||   526
       Headbutt          |     3 |    22 |    67 |     4 ||    96
Throw: Stone             |       |       |     4 |       ||     4
       Tomahawk          |       |       |     3 |       ||     3
Invok: Call Merchant     |       |       |     1 |       ||     1
Evoke: Wand              |       |       |     3 |       ||     3
  Use: Scroll            |       |    10 |    14 |       ||    24
       Potion            |       |     1 |     1 |     1 ||     3
  Eat: Chunk             |       |     9 |     3 |       ||    12
       Fruit             |       |       |     8 |       ||     8
       Pizza             |       |       |     2 |       ||     2
       Beef jerky        |       |       |     2 |       ||     2
Armor: Leather armour    |    24 |    19 |     9 |    18 ||    70
       Ring mail         |       |    30 |    24 |       ||    54
       Chain mail        |       |       |   156 |       ||   156
Dodge: Dodged            |    61 |   143 |   209 |     8 ||   421
